 Dungeon Crawl Stone Soup version 0.30-a0-779-g7971cf19c3 (webtiles) character file.

Game seed: 4670912223644113922

151 Lavandula the Slasher (level 5, -2/61 HPs)
             Began as a Human Monk on Feb 17, 2023.
             Slain by Sigmund the killer bee (7 damage)
             ... on level 3 of the Dungeon.
             The game lasted 00:04:11 (2672 turns).

Lavandula the Slasher (Human Monk)                  Turns: 2672, Time: 00:04:11

Health: -2/61      AC: 22    Str: 13    XL:     5   Next: 60%
Magic:  5/5        EV:  2    Int: 11    God:
Gold:   198        SH:  0    Dex: 15    Spells: 4/4 levels left

rFire   . . .      SeeInvis .    a - +0 falchion
rCold   . . .      Faith    .    (no shield)
rNeg    . . .      Spirit   .    (body armour currently unavailable)
rPois   +          Reflect  .    (helmet currently unavailable)
rElec   .          Harm     .    (cloak currently unavailable)
rCorr   .          Rampage  .    (gloves currently unavailable)
Will    .....      NoTele   +    (boots currently unavailable)
Stlth   ++                       (no amulet)
HPRegen 0.30/turn                (no ring)
MPRegen 0.09/turn                (no ring)

@: tree-form
A: stationary, stasis, torment immunity, boosted hp
a: no special abilities


You were on level 3 of the Dungeon.
You were a tree.
You visited 1 branch of the dungeon, and saw 3 of its levels.

You collected 198 gold pieces.

Inventory:

Hand Weapons
 a - a +0 falchion (weapon)
 e - a +0 long sword
Armour
 b - a +0 robe (melded)
Wands
 n - a wand of polymorph (14)
Scrolls
 d - a scroll of identify {unknown}
 f - a scroll of vulnerability {unknown}
 g - a scroll of acquirement {unknown}
 j - 2 scrolls of teleportation {unknown}
 m - a scroll of immolation {unknown}
 o - a scroll of fog {unknown}
Potions
 c - a potion of ambrosia
 h - a potion of curing


   Skills:
 - Level 3.0 Fighting
 - Level 5.4 Long Blades
 + Level 1.8 Throwing
 - Level 3.0 Dodging
 - Level 2.0 Stealth


You had 4 spell levels left.
You didn't know any spells.
Your spell library contained the following spells:

 Spells                   Type           Power      Damage    Failure   Level
 Apportation              Tloc           0%         N/A       34%         1
 Necrotise                Necr           0%         1d4       34%         1
 Summon Small Mammal      Summ           0%         N/A       34%         1
 Sublimation of Blood     Necr           0%         N/A       47%         2
 Wereblood                Tmut           0%         N/A       47%         2
 Cause Fear               Hex            0%         N/A       98%         4
 Dragon Form              Tmut           0%         N/A       100%        7
 Summon Hydra             Summ           0%         N/A       100%        7
 Dragon's Call            Summ           0%         N/A       100%        9


Dungeon Overview and Level Annotations

Branches:
Dungeon (3/15)

Altars:
Ashenzari

Annotations:
D:3 Sigmund


Message History

Sigmund barely misses you. Sigmund stings you.
You are poisoned.
Sigmund poisons you!
Throw: 4 darts (poison)
Press: ? - help, Q - select action, (/) - cycle Shift-Dir - straight line, f/p - Sigmund
Aim: Sigmund the killer bee (29% to hit)
You throw a poisoned dart.
The poisoned dart closely misses Sigmund.
You feel sick. Sigmund closely misses you.
Sigmund stings you but does no damage.
Throw: 3 darts (poison)
Press: ? - help, Q - select action, (/) - cycle Shift-Dir - straight line, f/p - Sigmund
Aim: Sigmund the killer bee (29% to hit)
You throw a poisoned dart.
The poisoned dart barely misses Sigmund.
You feel sick. Sigmund misses you. Sigmund stings you!
Throw: 2 darts (poison)
Press: ? - help, Q - select action, (/) - cycle Shift-Dir - straight line, f/p - Sigmund
Aim: Sigmund the killer bee (29% to hit)
You throw a poisoned dart.
The poisoned dart barely misses Sigmund.
You feel sick. Sigmund closely misses you. Sigmund completely misses you.
Throw: dart (poison)
Press: ? - help, Q - select action, (/) - cycle Shift-Dir - straight line, f/p - Sigmund
Aim: Sigmund the killer bee (29% to hit)
You throw a poisoned dart.
The poisoned dart barely misses Sigmund.
You feel sick. Sigmund closely misses you.
You closely miss Sigmund.
You feel sick. Sigmund barely misses you. Sigmund stings you!
* * * LOW HITPOINT WARNING * * *
It was a potion of curing.
You feel better. Sigmund stings you. x2
* * * LOW HITPOINT WARNING * * *
It was a potion of lignification.
You turn into a tree.
Your +0 robe melds into your body.
Your roots penetrate the ground.
Sigmund stings you but does no damage. x2
You miss Sigmund. Sigmund stings you.
* * * LOW HITPOINT WARNING * * *
Sigmund stings you!
You die...

### #.. #.# #.# #.## ### ##..#
..## #.♣.+ ...## ##y## .[..# #.##
....# #(.# ....## # ....#########
##.#+###'#..... .. ............##
##...........#.#.
#.....#..#...####..)#....#...#...
#††...#..#........#(##...#.......
##...##.###...#####........).....


You could see Sigmund the killer bee.

Vanquished Creatures
  2 gnolls
  7 adders
  4 dart slugs
  A ball python (D:3)
  5 bats
  4 endoplasms
  A giant cockroach (D:1)
  3 goblins
  10 hobgoblins
  8 jackals
  4 quokkas (D:1)
  4 frilled lizards
  5 kobolds
  A rat (D:2)
59 creatures vanquished.

Vanquished Creatures (others)
  3 plants (D:2)
3 creatures vanquished.

Grand Total: 62 creatures vanquished

Notes
Turn   | Place    | Note
-------+----------+-------------------------------------------
     0 | D:1      | Lavandula the Human Monk began the quest for the Orb.
     0 | D:1      | Reached XP level 1. HP: 18/18 MP: 1/1
   170 | D:1      | Reached XP level 2. HP: 19/24 MP: 2/2
   515 | D:1      | Reached skill level 4 in Long Blades
   515 | D:1      | Reached XP level 3. HP: 27/29 MP: 3/3
  1133 | D:2      | Reached XP level 4. HP: 25/35 MP: 4/4
  1224 | D:2      | Found a faded altar of an unknown god.
  1547 | D:2      | Reached skill level 5 in Long Blades
  1845 | D:3      | Noticed Sigmund
  2034 | D:2      | Reached XP level 5. HP: 21/41 MP: 5/5
  2302 | D:3      | Found a broken altar of Ashenzari.
  2419 | D:3      | Reached skill level 1 in Throwing
  2659 | D:3      | Sigmund changed into Sigmund the killer bee
  2659 | D:3      | Noticed Sigmund
  2672 | D:3      | Slain by Sigmund the killer bee

Illustrated notes

Levels and vault maps discovered:
D:1:      eino_arrival_cavern_c, layout_loops_ring, st_stairs_6
D:2:      layout_loops_ring, dilly_ecumenical_altar_fadedgnrine,
          wander_ebering_terrifying_dragon_lair
D:3:      layout_rooms, palyth_temple_overflow_mages,
          mainiacjoe_overflow_six_doors_small, nicolae_ashenzari_skybound,
          minmay_unequal, uniq_sigmund

Skill      XL: |  1  2  3  4  5 |
---------------+----------------+-----
Long Blades    | 4 5 |  5.4
Throwing       | 1 |  1.8
Fighting       | |  3.0
Dodging        | |  3.0
Stealth        | |  2.0

Action                     |  1- 3 |  4- 6 || total
---------------------------+-------+-------++-------
  Melee: Falchion          |    74 |    91 ||   165
         Long sword        |    30 |       ||    30
         Punch             |     2 |     1 ||     3
  Throw: Dart              |       |     8 ||     8
         Throwing net      |       |     1 ||     1
  Evoke: Wand              |       |     1 ||     1
    Use: Potion            |       |     2 ||     2
   Stab: Sleeping          |     4 |     5 ||     9
 Armour: Robe              |    18 |    17 ||    35
         Skin              |       |     2 ||     2
  Dodge: Dodged            |    94 |    90 ||   184

Table legend: (Time is in decaauts)
 A = Elapsed time spent in this place.
 B = Non-inter-level travel time spent in this place.
 C = Inter-level travel time spent in this place.
 D = Time resting spent in this place.
 E = Time spent auto-exploring this place.
 F = Levels seen in this place.
 G = Mean time per level.
                   A        B        C        D        E       F      G
               +--------+--------+--------+--------+--------+-----+--------+
         Total |   2691 |   2662 |     29 |    467 |   1603 |   3 |  897.0 |
       Dungeon |   2691 |   2662 |     29 |    467 |   1603 |   3 |  897.0 |
               +--------+--------+--------+--------+--------+-----+--------+

Top non-repeatable levels by time:
     D:2: 1110 daAuts
     D:1: 935 daAuts
     D:3: 645 daAuts
